 Dungeon Crawl Stone Soup version 0.15-b1-55-g17c0860 (webtiles) character file.

555 Eradicator the Covert (level 7, 0/46 HPs)
             Began as a Vampire Enchanter on Aug 10, 2014.
             Killed by divine providence
             ... invoked by an orc priest
              (13 damage)
             ... on Level 4 of the Dungeon.
             The game lasted 00:32:36 (3310 turns).

Eradicator the Covert (Vampire Enchanter)           Turns: 3310, Time: 00:32:36

HP   0/46        AC  7     Str  8      XL: 7   Next:  8%
MP   6/12        EV 12     Int 17      God:
Gold 252         SH  0     Dex 15      Spells:  2 memorised,  7 levels left

rFire  x . .     SeeInvis +     a - +1 dagger
rCold  + + +     Clarity  .     b - +1 robe
rNeg   + + +     rCorr    .     (no shield)
rPois  +         rRot     +     j - +2 helmet
rElec  .         Spirit   .     s - +0 cloak (curse)
SustAb .         Warding  .     (no gloves)
rMut   .         Stasis   .     (no boots)
Gourm  .                        m - amulet of rage
MR     .....                    u - ring of positive energy
                                f - ring of ice

@: regenerating slowly, not resistant to hostile enchantments, quite stealthy
A: bottle blood, fangs 3, see invisible, unbreathing
a: Bat Form, Bottle Blood, Evoke Berserk Rage


You were on level 4 of the Dungeon.
You were near bloodless.

You visited 1 branch of the dungeon, and saw 4 of its levels.

You collected 252 gold pieces.

Inventory:

Hand weapons
 a - a +1 dagger (weapon)
 k - a +0 short sword
 w - a +0 blowgun
Missiles
 x - 16 poisoned needles
Armour
 b - a +1 robe (worn)
 j - a +2 helmet (worn)
 s - a cursed +0 cloak (worn)
Scrolls
 g - 2 scrolls of remove curse
 h - 4 scrolls of teleportation {unknown}
 i - 2 scrolls of magic mapping {unknown}
 o - a scroll of enchant armour {unknown}
 p - 4 scrolls of identify {unknown}
 q - a scroll of fog {unknown}
Jewellery
 f - a ring of ice (left hand)
 m - an amulet of rage (around neck)
 u - a ring of positive energy (right hand)
Potions
 d - 2 potions of blood
 e - a potion of restore abilities {unknown}
 l - 2 potions of curing {unknown}
 n - 2 potions of heal wounds {unknown}
 r - a potion of berserk rage {unknown}
 v - a potion of resistance {unknown}
Books
 c - a book of Maledictions

   Spells                             Type                      Level
   *Corona                            Hexes                        1
   Sure Blade                         Hexes/Charms                 2
   *Ensorcelled Hibernation           Hexes/Ice                    2
   Confuse                            Hexes                        3
   Dazzling Spray                     Conjuration/Hexes            3
   Enslavement                        Hexes                        4


   Skills:
 + Level 3.7 Short Blades
 - Level 2.2 Dodging
 * Level 8.9 Stealth
 - Level 2.0 Spellcasting
 + Level 6.9 Hexes
 + Level 2.2 Ice Magic


You had 7 spell levels left.
You knew the following spells:

 Your Spells              Type           Power        Failure   Level  Hunger
a - Corona                Hex            ####...      1%          1    #......
b - Ensorcelled Hibernat  Hex/Ice        ####..       4%          2    ##.....


Dungeon Overview and Level Annotations

Branches:
Dungeon (4/15)
 Temple: D:4-7

Altars:
Elyvilon
Fedhas
Vehumet

Shops:
D:4 :


Innate Abilities, Weirdness & Mutations

You heal slowly.
You can bottle blood from corpses.
You have razor-sharp teeth.
You have supernaturally acute eyesight.
You can survive without breathing.


Message History

Pain shoots through your body!
Casting: Ensorcelled Hibernation
Confirm with . or Enter, or press ? or * to list all spells.
Aiming: Ensorcelled Hibernation
Press: ? - help, Shift-Dir - straight line, f/p - orc priest
Aim: an orc priest (heavily wounded)
You feel a surge of power!
The orc priest resists with significant effort.
An orc wizard comes into view. It is wielding a dagger.
You closely miss the orc.
The orc wizard glows brightly for a moment.
The orc closely misses you.
The orc priest prays to Beogh.
You feel troubled.
The orc priest calls down the wrath of Beogh upon you.
Something smites you!
* * * LOW HITPOINT WARNING * * *
The orc priest calls down the wrath of Beogh upon you.
Something smites you!
You die...

#.# #.. #.# #.# #.#
#.# # #.#
############## #.#
#o##.# #............#
#.# #o%o.#
#.##########.### #.#
####.# #.# #.....#
#.#
#.####.########.###.#
#.# #.oo...o.@......#
#.# #.#
#.#####.#######.###.#
#.# #.......# #.....#
#.. #########
###.#.######
#.#....... #....#####
######


You could see an orc priest, an orc wizard and an orc.

Vanquished Creatures
  An ogre (D:4)
  3 big kobolds (D:3)
  An orc wizard (D:4)
  2 gnolls (D:3)
  7 adders
  6 worms
  A giant gecko (D:2)
  An ooze (D:1)
  6 orcs
  A ball python (D:1)
  8 bats
  2 giant cockroaches
  8 hobgoblins
  50 kobolds
  A quokka (D:3)
  3 giant newts
  10 goblins
  8 rats
119 creatures vanquished.

Notes
Turn   | Place    | Note
--------------------------------------------------------------
     0 | D:1      | Eradicator, the Vampire Enchanter, began the quest for the Orb.
     0 | D:1      | Reached XP level 1. HP: 13/13 MP: 3/3
   275 | D:1      | Reached XP level 2. HP: 5/19 MP: 4/4
   675 | D:1      | Learned a level 2 spell: Ensorcelled Hibernation
   725 | D:1      | Reached skill level 5 in Hexes
   803 | D:2      | Reached skill level 5 in Stealth
   910 | D:2      | Found a white marble altar of Elyvilon.
   910 | D:2      | Found a radiant altar of Vehumet.
   946 | D:2      | Reached XP level 3. HP: 24/24 MP: 3/6
  1272 | D:2      | Reached skill level 6 in Stealth
  1272 | D:2      | Reached XP level 4. HP: 30/30 MP: 3/7
  1600 | D:3      | Found a blossoming altar of Fedhas.
  2059 | D:3      | Noticed a big kobold
  2072 | D:3      | Killed a big kobold
  2072 | D:3      | Reached skill level 7 in Stealth
  2072 | D:3      | Reached skill level 1 in Ice Magic
  2072 | D:3      | Reached XP level 5. HP: 31/35 MP: 3/9
  2579 | D:3      | Noticed a big kobold
  2625 | D:3      | Killed a big kobold
  2625 | D:3      | Reached skill level 8 in Stealth
  2625 | D:3      | Reached XP level 6. HP: 41/41 MP: 7/10
  2756 | D:3      | Noticed a big kobold
  2764 | D:3      | Killed a big kobold
  3167 | D:4      | Found Kledweg's Book Boutique.
  3177 | D:4      | Reached XP level 7. HP: 46/46 MP: 8/12
  3310 | D:4      | Killed from afar by an orc priest

Action                   |  1- 3 |  4- 6 |  7- 9 || total
-------------------------+-------+-------+-------++-------
Melee: Dagger            |    87 |   261 |    12 ||   360
 Cast: Ensorcelled Hiber |    15 |    46 |     4 ||    65
 Abil: Bottle Blood      |       |     2 |       ||     2
  Use: Scroll            |       |     1 |       ||     1
 Stab: Sleeping          |    18 |    40 |     1 ||    59
       Distracted        |       |     1 |       ||     1
  Eat: Corpse            |     6 |     2 |       ||     8
